 Dungeon Crawl Stone Soup version 0.31-a0-1405-g2bb1a01664 (webtiles) character file.

Game seed: 1296227222618340021

1666 thriggle the Magician (level 8, -10/60 HPs)
             Began as a Mummy Wanderer on Dec 26, 2023.
             Was a High Priest of Jiyva.
             Killed from afar by a steam dragon (21 damage)
             ... with a ball of steam
             ... on level 7 of the Dungeon.
             The game lasted 00:24:53 (4512 turns).

thriggle the Magician (Mummy Wanderer)              Turns: 4512, Time: 00:24:55

Health: -10/60     AC:  4    Str: 18    XL:     8   Next: 69%
Magic:  14/14      EV: 12    Int: 12    God:    Jiyva [*****.]
Gold:   109        SH:  0    Dex: 10    Spells: 7/15 levels left

rFire   . . .        i - +0 dagger (elec)
rCold   + . .        (no shield)
rNeg    + + +        u - +1 leather armour {rF+}
rPois   ∞            (no helmet)
rElec   .            (no cloak)
rCorr   +            (no gloves)
SInv    .            (no boots)
Will    +....        (no amulet)
Stlth   ++           k - +4 ring of slaying
HPRegen 1.74/turn    n - ring of wizardry
MPRegen 0.86/turn

%: faith, wizardry (x1)
@: confusing by touch
A: cold resistance 1, negative energy resistance 3, torment resistance 2, heat
vulnerability 1, in touch with death 1, no potions, faith
a: Renounce Religion, Oozemancy, Slimify


You were on level 7 of the Dungeon.
You worshipped Jiyva.
Jiyva was extremely pleased with you.
You visited 1 branch of the dungeon, and saw 7 of its levels.

You collected 298 gold pieces.
You spent 189 gold pieces at shops.

Inventory:

Hand Weapons
 a - a +2 dagger
 b - a +0 spear
 i - a +0 dagger of electrocution (weapon)
 t - a +0 rapier
Missiles
 h - 28 stones
 l - 5 boomerangs (quivered)
Armour
 e - a +0 leather armour
 g - a +0 chain mail of cold resistance
 u - a +1 leather armour of fire resistance (worn)
Magical Staves
 f - a staff of conjuration
 r - a staff of conjuration
Jewellery
 j - a ring of protection from fire
 k - a +4 ring of slaying (left hand)
 n - a ring of wizardry (right hand)
 q - a ring of willpower
Wands
 m - a wand of charming (13)
 s - a wand of polymorph (11)
Scrolls
 c - a scroll of fog
 d - a scroll of silence
 p - a scroll of revelation
 v - a scroll of immolation


   Skills:
 + Level 4.0 Fighting
 + Level 2.6 Short Blades
 - Level 3.0 Throwing
 * Level 3.7 Armour
 + Level 3.0 Dodging
 + Level 3.5 Stealth
 + Level 4.3 Spellcasting
 + Level 2.4 Conjurations
 + Level 2.1 Hexes
 - Level 0.2 Summonings
 + Level 2.9 Evocations


You had 7 spell levels left.
You knew the following spells:

 Your Spells              Type           Power      Damage    Failure   Level
a - Magic Dart            Conj           32%        1d4       4%          1
b - Call Imp              Summ           6%         N/A       14%         2
c - Blink                 Tloc           4%         N/A       16%         2
d - Confusing Touch       Hex            7%         N/A       12%         3

Your spell library contained the following spells:

 Spells                   Type           Power      Damage    Failure   Level
 Kiss of Death            Conj/Necr      32%        2d7       6%          1
 Dispel Undead            Necr           3%         3d7       67%         4
 Iskenderun's Battlesphe  Conj           8%         2d6       67%         5
 Alistair's Intoxication  Alch           1%         N/A       94%         5
 Borgnjor's Vile Clutch   Necr/Erth      1%         N/A       94%         5
 Bombard                  Conj/Erth      2%         9d1       100%        6
 Eringya's Noxious Bog    Alch           1%         4d6       100%        6
 Spellforged Servitor     Conj/Summ      2%         N/A       100%        7


Dungeon Overview and Level Annotations

Branches:
Dungeon (7/15)             Temple (0/1) D:4

Altars:
Cheibriados
Kikubaaqudgha
Vehumet
Jiyva

Shops:
D:2 =   D:4 *   D:6 *   D:7 *

Annotations:
D:5 3 runed translucent doors, Laraso's ghost, amateur DECA; Ofeo's ghost, novice OnGl; RepHenryClay's ghost, novice DEAl
D:6 2 runed translucent doors, Cadnt's ghost, novice SpBe


Innate Abilities, Weirdness & Mutations

You are immune to poison.
Your flesh is cold resistant. (rC+)
You are immune to negative energy. (rN+++)
You are immune to unholy pain and torment.
You are vulnerable to heat. (rF-)
You are in touch with the powers of death.
You do not drink.
You have a special connection with the divine. (Faith)


Message History

Your azure jelly hits the troll.
Your azure jelly freezes the troll!!
The troll dies!
Your magical contamination has completely faded away.
Your Fighting skill increases to level 4!
Your Dodging skill increases to level 3!
Your Hexes skill increases to level 2!
Casting: Confusing Touch (dangerous; 13% risk of failure)
Confirm with . or Enter, or press ? or * to list all spells.
A tiny devil pulls itself out of the air.
Your azure jelly closely misses the ufetubus.
Your azure jelly hits the ufetubus!
The ufetubus dies!
Casting: Call Imp (safe; 14% risk of failure)
Confirm with . or Enter, or press ? or * to list all spells.
Aiming: Magic Dart (safe; 4% risk of failure)
Press: ? - help, Shift-Dir - straight line, f - bullfrog
Aim: a bullfrog (ally target, chance to confuse on hit: 40%, 100% to hit)
The magic dart hits the bullfrog.
The bullfrog is lightly wounded.
Your azure jelly completely misses the iguana.
Your azure jelly hits the iguana but does no damage.
Your azure jelly hits the iguana!
The iguana dies!
Your cerulean imp hits the bullfrog from afar with a -4 spear.
Casting: Magic Dart (safe; 4% risk of failure)
Confirm with . or Enter, or press ? or * to list all spells.
Aiming: Magic Dart (safe; 4% risk of failure)
Press: ? - help, Shift-Dir - straight line, f/p - bullfrog
Aim: a bullfrog (moderately wounded, ally target, chance to confuse on hit: 40%, 100% to hit)
The magic dart hits the bullfrog.
The bullfrog is moderately wounded.
Your cerulean imp hits the bullfrog but does no damage.
The bullfrog misses you.
You hit the bullfrog but do no damage.
The bullfrog is moderately wounded.
The bullfrog hits you but does no damage.
The steam dragon breathes steam at you.
The ball of steam hits your azure jelly!
The ball of steam hits you!!
You die...

.###### .....#
#....# #....# .
#.<..###..
###.........
.###...........
.....5.F.......
#######@#######
♣J♣ ♣D♣ .⌠.
?♣.♣. .♣♣.♣♣.
## ♣.♣ ## ...


P.P You could see a steam dragon (catching breath, ally target), a bullfrog
(ally target), a friendly azure jelly (summoned) and a friendly cerulean imp
(summoned).

Vanquished Creatures
  Duvessa (D:4)
  An ice beast (D:5)
  A black bear (D:5)
  An ogre (D:6)
  A centaur (D:6)
  A phantom (D:5)
  3 bullfrogs (D:6)
  A scorpion (D:6)
  Dowan (D:4)
  A howler monkey (D:7)
  A bombardier beetle (D:4)
  A gnoll bouda (D:6)
  2 hounds (D:6)
  3 sleepcaps
  2 iguanas
  Ijyb (D:3)
  3 orc wizards
  4 gnolls (D:6)
  6 adders
  A shadow imp (D:6)
  2 white imps (D:6)
  A worm (D:5)
  3 dart slugs
  10 orcs
  An endoplasm (D:1)
  2 giant cockroaches
  2 goblins (D:1)
  5 hobgoblins
  3 jackals (D:1)
  4 kobolds
  3 quokkas
  3 ball pythons
  5 bats
  5 frilled lizards
  2 rats
87 creatures vanquished.

Vanquished Creatures (collateral kills)
  A troll (D:7)
  An ogre (D:6)
  An iguana (D:7)
  An ufetubus (D:7)
4 creatures vanquished.

Vanquished Creatures (others)
  A slime creature (D:7)
  A wraith (D:7)
  4 jellies
  A hound (D:5)
  A gnoll (D:6)
  An adder (D:5)
  A giant cockroach (D:3)
  A hobgoblin (D:2)
  A quokka (D:2)
  A ball python (D:2)
  A bat (D:2)
  2 kobolds (D:3)
16 creatures vanquished.

Grand Total: 107 creatures vanquished

Notes
Turn   | Place    | Note
-------+----------+-------------------------------------------
     0 | D:1      | thriggle the Mummy Wanderer began the quest for the Orb.
     0 | D:1      | thriggle set off with the following items: a +2 dagger, a
                  | curare-tipped dart, a scroll of fog, a scroll of silence, a
                  | +0 leather armour.
     0 | D:1      | Reached XP level 1. HP: 16/16 MP: 2/2
   332 | D:1      | Reached XP level 2. HP: 22/22 MP: 4/4
   914 | D:2      | Reached XP level 3. HP: 27/27 MP: 6/6
   920 | D:2      | Found a faded altar of an unknown god.
   925 | D:2      | Prayed at the altar of an unknown god.
   925 | D:2      | Became a worshipper of Jiyva Junycuat the Shapeless
   925 | D:2      | Reached * piety under Jiyva
  1306 | D:2      | Found Warunk's Jewellery Emporium.
  1438 | D:3      | Reached ** piety under Jiyva
  1522 | D:3      | Noticed Ijyb
  1549 | D:3      | Killed Ijyb
  1650 | D:3      | Found a snail-covered altar of Cheibriados.
  1874 | D:4      | Reached XP level 4. HP: 33/34 MP: 7/7
  1876 | D:4      | Learned a level 1 spell: Magic Dart
  1879 | D:4      | Learned a level 2 spell: Call Imp
  1885 | D:4      | Found a radiant altar of Vehumet.
  1936 | D:4      | Reached *** piety under Jiyva
  2030 | D:4      | Reached skill level 1 in Armour
  2039 | D:4      | Noticed Duvessa
  2046 | D:4      | Noticed Dowan
  2059 | D:4      | Killed Duvessa
  2060 | D:4      | Reached skill level 1 in Short Blades
  2060 | D:4      | Reached XP level 5. HP: 38/39 MP: 8/8
  2065 | D:4      | Killed Dowan
  2114 | D:4      | Found a staircase to the Ecumenical Temple.
  2128 | D:4      | Reached XP level 6. HP: 21/46 MP: 10/10
  2144 | D:4      | Reached skill level 1 in Conjurations
  2231 | D:4      | Found Yteja's Assorted Antiques.
  2271 | D:4      | Bought a glowing garnet ring for 135 gold pieces
  2271 | D:4      | Bought a scroll labelled KOEL ROSHRUFFE for 27 gold pieces
  2271 | D:4      | Bought a scroll labelled DARHOR ADEST for 27 gold pieces
  2557 | D:5      | Entered Level 5 of the Dungeon
  2561 | D:5      | Learned a level 2 spell: Blink
  2565 | D:5      | Learned a level 3 spell: Confusing Touch
  2865 | D:5      | Reached XP level 7. HP: 44/52 MP: 11/11
  2876 | D:5      | Found a runed translucent gate.
  2877 | D:5      | Found a runed translucent gate.
  2877 | D:5      | Found a runed translucent gate.
  2925 | D:5      | Reached **** piety under Jiyva
  3395 | D:5      | Noticed Laraso's ghost (amateur DECA)
  3395 | D:5      | Noticed Ofeo's ghost (novice OnGl)
  3395 | D:5      | Noticed RepHenryClay's ghost (novice DEAl)
  3449 | D:6      | Reached skill level 1 in Hexes
  3600 | D:6      | Reached ***** piety under Jiyva
  3659 | D:6      | Reached XP level 8. HP: 23/58 MP: 13/13
  3881 | D:6      | Found an ancient bone altar of Kikubaaqudgha.
  4130 | D:6      | Found a large runed translucent door.
  4130 | D:6      | Found a large runed translucent door.
  4135 | D:6      | Noticed Cadnt's ghost (novice SpBe)
  4188 | D:6      | Found Rueponwe's General Store.
  4432 | D:7      | Found Wuckiyso's Assorted Antiques.
  4492 | D:7      | Noticed a troll
  4497 | D:7      | Killed a slime creature
  4507 | D:7      | HP: 3/60 [troll (9)]
  4508 | D:7      | Killed a troll
  4512 | D:7      | Killed from afar by a steam dragon

Illustrated notes

Levels and vault maps discovered:
D:1:      minmay_arrival_semitransparent, layout_loops_ring,
          amcnicky_mini_corridor_feature, kennysheep_nondescript,
          chequers_serial_rivers_micro_c
D:2:      layout_loops_ring, ebering_ecumenical_altar_abandoned, serial_shops,
          nicolae_diamond_shop
D:3:      layout_rooms, good_gods_temple_1, nicolae_overflow_crystal_walls,
          uniq_ijyb
D:4:      layout_gridville, mainiacjoe_overflow_paths, minmay_temple_entry_grid,
          serial_shops, nicolae_shop_tiny_glass, uniq_duvessa
D:5:      layout_cave_pods, gammafunk_ghost_cemetery
D:6:      kennysheep_six_static_rooms, layout_basic, kiku_gazebo_garden_becter,
          serial_shops, nicolae_shop_crystal, ebering_ghost_disaster_area
D:7:      nzn_winding_woodlands_three_and_one [nzn_winding_woodlands_5x15_pool,
          nzn_winding_woodlands_5x15_garden,
          nzn_winding_woodlands_5x15_split_checker,
          nzn_winding_woodlands_center_pierced_h], layout_rooms, serial_shops,
          kennysheep_mini_moat, shop_statue, uniq_joseph,
          uniq_crazy_yiuf_cottage

Skill      XL: |  1  2  3  4  5  6  7  8 |
---------------+-------------------------+-----
Spellcasting   | 2 3 4 |  4.3
Stealth        | 2 3 |  3.5
Armour         | 1 2 3 |  3.7
Short Blades   | 1 2 |  2.6
Conjurations   | 1 2 |  2.4
Evocations     | 2 |  2.9
Dodging        | 2 3 |  3.0
Fighting       | 3 4 |  4.0
Throwing       | 3 |  3.0
Hexes          | 1 2 |  2.1
Summonings     | |  0.2

Action                     |  1- 3 |  4- 6 |  7- 9 || total
---------------------------+-------+-------+-------++-------
  Melee: Dagger            |   205 |   125 |   139 ||   469
         Punch             |     1 |     1 |     4 ||     6
  Throw: Dart              |     4 |       |       ||     4
         Stone             |     9 |       |       ||     9
         Boomerang         |     1 |    11 |       ||    12
   Cast: Magic Dart        |       |     6 |     2 ||     8
         Call Imp          |       |     1 |     2 ||     3
         Confusing Touch   |       |       |     4 ||     4
 Invoke: Oozemancy         |       |     1 |       ||     1
  Evoke: Wand              |       |     1 |       ||     1
    Use: Scroll            |     2 |     4 |     4 ||    10
   Stab: Confused          |       |       |     1 ||     1
         Sleeping          |       |       |     2 ||     2
 Armour: Leather armour    |    28 |    25 |   100 ||   153
         Chain mail        |   116 |    59 |       ||   175
  Dodge: Dodged            |   101 |    54 |    91 ||   246

Table legend: (Time is in decaauts)
 A = Elapsed time spent in this place.
 B = Non-inter-level travel time spent in this place.
 C = Inter-level travel time spent in this place.
 D = Time resting spent in this place.
 E = Time spent auto-exploring this place.
 F = Levels seen in this place.
 G = Mean time per level.
                   A        B        C        D        E       F      G
               +--------+--------+--------+--------+--------+-----+--------+
         Total |   4488 |   4188 |    300 |      0 |   2523 |   7 |  641.1 |
       Dungeon |   4488 |   4188 |    300 |      0 |   2523 |   7 |  641.1 |
               +--------+--------+--------+--------+--------+-----+--------+

Top non-repeatable levels by time:
     D:6: 930 daAuts
     D:5: 890 daAuts
     D:1: 793 daAuts
     D:4: 725 daAuts
     D:2: 668 daAuts
     D:3: 446 daAuts
     D:7: 33 daAuts
